 Dungeon Crawl Stone Soup version 0.29-a0-512-gf59ac788ac (webtiles) character file.

Game seed: 10394384037169797496

249 ytrimaz the Covered (level 5, -1/42 HPs)
             Began as a Demonspawn Fighter on May 29, 2022.
             Was an Initiate of Gozag.
             Killed from afar by Duvessa (3 damage)
             ... with a puff of flame
             ... on level 4 of the Dungeon.
             The game lasted 00:04:29 (3353 turns).

ytrimaz the Covered (Demonspawn Fighter)            Turns: 3353, Time: 00:04:29

Health: -1/42      AC: 12    Str: 18    XL:     5   Next: 87%
Magic:  5/5        EV:  9    Int:  9    God:    Gozag
Gold:   132        SH:  5    Dex: 13    Spells: 4/4 levels left

rFire   . . .      SeeInvis .   i - +0 short sword (venom)
rCold   . . .      Faith    .   c - +0 buckler
rNeg    . . .      Spirit   .   b - +0 scale mail
rPois   +          Reflect  .   o - +0 helmet
rElec   .          Harm     .   (no cloak)
rCorr   .          Rampage  .   (no gloves)
Will    .....                   (no boots)
Stlth   ..........              (no amulet)
HPRegen 0.14/turn               f - +4 ring of protection
MPRegen 0.09/turn               e - ring of poison resistance

@: lit by a corona, glowing
A: condensation shield, demonic touch 1
a: Renounce Religion, Potion Petition, Call Merchant, Bribe Branch


You were on level 4 of the Dungeon.
You worshipped Gozag.
Gozag was aware of your devotion.
You visited 1 branch of the dungeon, and saw 4 of its levels.

You collected 163 gold pieces.
You paid 31 gold pieces to Gozag.

Inventory:

Hand Weapons
 a - a +0 rapier
 i - a +0 short sword of venom (weapon)
Armour
 b - a +0 scale mail (worn)
 c - a +0 buckler (worn)
 o - a +0 helmet (worn)
Jewellery
 e - a ring of poison resistance (right hand)
 f - a +4 ring of protection (left hand)
Scrolls
 d - a scroll of teleportation {unknown}
 g - a scroll of poison {unknown}
 j - a scroll of magic mapping
 n - 2 scrolls of identify {unknown}
 p - a scroll of immolation {unknown}
 q - a scroll of brand weapon {unknown}
 r - a scroll of enchant weapon {unknown}
Potions
 h - 2 potions of curing {unknown}
 l - 2 potions of brilliance {unknown}
 m - a potion of magic {unknown}
 s - 2 potions of might


   Skills:
 + Level 3.7 Fighting
 + Level 3.7 Short Blades
 + Level 3.8 Armour
 + Level 3.6 Shields


You had 4 spell levels left.
You didn't know any spells.
Your spell library was empty.

Dungeon Overview and Level Annotations

Branches:
Dungeon (4/15)
 Temple: D:4-7

Altars:
Gozag
Hepliaklqana
Kikubaaqudgha
Qazlal
Sif Muna

Annotations:
D:4 Dowan, Duvessa


Innate Abilities, Weirdness & Mutations

A meltable shield of frost defends you. (SH +0)
Your touch may inflict minor irresistible damage on your foes.


Message History

Duvessa is heavily wounded.
Dowan casts a spell at you. The puff of flame hits you.
Duvessa hits you with a +0 rapier of electrocution.
You hit Dowan but do no damage.
Dowan is poisoned.
Dowan zaps a wand.
The puff of flame hits you!
* * * LOW HITPOINT WARNING * * *
Duvessa barely misses you.
You hit Dowan but do no damage. Duvessa hits you but does no damage.
Dowan hits you with a +0 dagger.
* * * LOW HITPOINT WARNING * * *
Unknown command.
You feel much better. Dowan barely misses you. Duvessa misses you.
You closely miss Dowan.
Dowan is lightly wounded.
You block Dowan's attack.
Duvessa hits you with a +0 rapier of electrocution.
You are electrocuted!
Unknown command.
You completely miss Dowan.
Dowan is moderately wounded.
Dowan hits you but does no damage. You block Duvessa's attack.
You miss Dowan.
Dowan is moderately wounded.
Duvessa zaps a wand.
The puff of flame hits you!
* * * LOW HITPOINT WARNING * * *
Dowan hits you but does no damage.
Unknown command.
You feel much better. Dowan barely misses you.
Duvessa says, "I don't care about looks, I care about technique!"
Duvessa hits you but does no damage.
You are electrocuted!
* * * LOW HITPOINT WARNING * * *
You barely miss Duvessa.
Duvessa is almost dead.
Dowan gestures at you while chanting. The puff of flame hits you.
* * * LOW HITPOINT WARNING * * *
Duvessa zaps a wand.
The puff of flame hits you.
You die...
Your body crumbles into a pile of gold.

#..............
##.............
##.............
###
##..[..........#
$ ..##
#............##.
#..##
##..........##.
##'.#
#..........#..
≈≈#.#
##........#.#.
≈≈#.#
##.....e@#..
##'.#
###....#e......
#...###
##...#..#....
...#..##
#..#...# ..
...(#..#
#..#.#..
##...#.#
..#..#...
##...## #..#
...... ##...##
#....$ ...##
##...##..#


You could see Duvessa (very poisoned) and Dowan (poisoned).

Vanquished Creatures
  A phantom (D:2)
  Blork the orc (D:4)
  6 adders
  A dart slug (D:2)
  An orc (D:3)
  3 endoplasms
  4 giant cockroaches
  6 goblins
  3 hobgoblins
  3 jackals (D:1)
  4 kobolds
  5 quokkas
  6 ball pythons
  5 bats
  7 frilled lizards
  4 rats (D:1)
60 creatures vanquished.

Notes
Turn   | Place    | Note
-------+----------+-------------------------------------------
     0 | D:1      | ytrimaz the Demonspawn Fighter began the quest for the Orb.
     0 | D:1      | Reached XP level 1. HP: 18/18 MP: 1/1
   489 | D:1      | Gained mutation: Your touch may inflict minor irresistible
                  | damage on your foes. [demonic ancestry]
   489 | D:1      | Reached XP level 2. HP: 24/24 MP: 2/2
   680 | D:1      | Found a faded altar of an unknown god.
  1361 | D:2      | Gained mutation: A meltable shield of frost defends you.
                  | (SH +0) [demonic ancestry]
  1361 | D:2      | Reached XP level 3. HP: 17/29 MP: 3/3
  1363 | D:2      | Noticed a phantom
  1376 | D:2      | Killed a phantom
  1377 | D:2      | Reached XP level 4. HP: 15/35 MP: 4/4
  2121 | D:2      | Reached XP level 5. HP: 41/41 MP: 5/5
  2738 | D:3      | Found a stormy altar of Qazlal.
  2916 | D:3      | Found a shimmering blue altar of Sif Muna.
  2916 | D:3      | Found an ancient bone altar of Kikubaaqudgha.
  2924 | D:3      | Found an opulent altar of Gozag.
  2927 | D:3      | Found a faded altar of an unknown god.
  2929 | D:3      | Found a hazy altar of Hepliaklqana.
  3104 | D:3      | Became a worshipper of Gozag Ym Sagoz the Greedy
  3241 | D:4      | Noticed Blork the orc
  3258 | D:4      | Killed Blork the orc
  3332 | D:4      | Noticed Dowan
  3332 | D:4      | Noticed Duvessa
  3353 | D:4      | HP: 2/42 [Dowan/puff of flame (3)]
  3353 | D:4      | Killed from afar by Duvessa

Illustrated notes

Levels and vault maps discovered:
D:1:      dpeg_arrival_houses_and_road, layout_loops_corners,
          hellmonk_ecumenical_altar_prayer_group, serial_park_tiny_2,
          item_on_display_a
D:2:      layout_loops_ring
D:3:      layout_loops_ring, mainiacjoe_overflow_cross_hatched,
          chequers_temple_overflow_minitemple
D:4:      layout_cave_pods, mainiacjoe_overflow_boulevard, kennysheep_mini,
          gup_sewer_entry_bowl, hangedman_decor_peaks_small, minivault_5,
          minmay_stone_trees_medium, kennysheep_generic_room_9, uniq_menkaure,
          uniq_duvessa, uniq_blork_the_orc

Skill      XL: |  1  2  3 |
---------------+----------+-----
Armour         | 3 |  3.8
Short Blades   | 2 3 |  3.7
Shields        | 3 |  3.6
Fighting       | |  3.7

Action                   |  1- 3 |  4- 6 || total
-------------------------+-------+-------++-------
Melee: Rapier            |    94 |    28 ||   122
       Short sword       |       |    92 ||    92
  Use: Scroll            |     1 |       ||     1
       Potion            |     1 |     2 ||     3
Armor: Scale mail        |    65 |    60 ||   125
Dodge: Dodged            |    48 |    43 ||    91
Block: Buckler           |    21 |    57 ||    78

Table legend: (Time is in decaauts)
 A = Elapsed time spent in this place.
 B = Non-inter-level travel time spent in this place.
 C = Inter-level travel time spent in this place.
 D = Time resting spent in this place.
 E = Time spent auto-exploring this place.
 F = Levels seen in this place.
 G = Mean time per level.
                   A        B        C        D        E       F      G
               +--------+--------+--------+--------+--------+-----+--------+
         Total |   3367 |   3189 |    178 |      0 |   2632 |   4 |  841.8 |
       Dungeon |   3367 |   3189 |    178 |      0 |   2632 |   4 |  841.8 |
               +--------+--------+--------+--------+--------+-----+--------+

Top non-repeatable levels by time:
     D:1: 1367 daAuts
     D:2: 1053 daAuts
     D:3: 727 daAuts
     D:4: 219 daAuts
